 Dungeon Crawl Stone Soup version 0.12.2-18-gb8c16a5 (webtiles) character file.

1827 Gabry the Shield-Bearer (level 8, -2/68 HPs)
             Began as a Minotaur Fighter on Aug 17, 2013.
             Killed by divine providence
             ... invoked by an orc priest
              (10 damage)
             ... on Level 6 of the Dungeon.
             The game lasted 00:33:57 (5248 turns).

Gabry the Shield-Bearer (Minotaur Fighter)          Turns: 5248, Time: 00:33:57

HP  -2/68        AC  9     Str 22      XL: 8   Next: 56%
MP   2/2         EV  9     Int  5      God:
Gold 285         SH 21     Dex 11      Spells:  0 memorised,  7 levels left

Res.Fire  : + . .   See Invis. : +   E - +5 morningstar of Cowardice {drain, +Fly S Res.Cold : . . . Warding : . l - +2 dwarf ring mail Life Prot.: . . . Conserve : + c - +0 shield
Res.Poison: .       Res.Corr.  : .   (helmet restricted)
Res.Elec. : .       Clarity    : .   s - +0 elf cloak
Sust.Abil.: . .     Spirit.Shd : .   (no gloves)
Res.Mut.  : .       Stasis     : .   (no boots)
Res.Rott. : .       Ctrl.Telep.: .   n - amulet of conservation {unknown}
Saprovore : . . .   Flight     : .   (no ring)
                                     a - ring of protection from fire {unknown}

@: about to teleport, slightly resistant to hostile enchantments, unstealthy
A: retaliatory headbutt, horns 2
a: Evoke Flight


You were on level 6 of the Dungeon.
You were not hungry.

You visited 1 branch of the dungeon, and saw 6 of its levels.

You collected 265 gold pieces.

Inventory:

Hand weapons
 m - a +1,+2 dagger of venom (quivered)
 o - a +3,+1 dagger of venom
 E - the +5,+5 morningstar of Cowardice (weapon) {drain, +Fly SInv}
   (You found it on level 5 of the Dungeon)

   A truly terrible weapon, it drains the life of those it strikes.
   It enhances your eyesight.
   It lets you fly.
Armour
 c - a +0 shield (worn)
 l - a +2 dwarven ring mail (worn)
 s - a +0 elven cloak (worn)
Magical devices
 d - a wand of flame (12) {unknown}
Comestibles
 u - a meat ration
 v - a pear
 x - a bread ration
Scrolls
 e - a scroll of vulnerability {unknown}
 f - 2 scrolls of noise {unknown}
 g - a scroll of enchant weapon II {unknown}
 i - a scroll of recharging {unknown}
 k - 2 scrolls of enchant weapon I {unknown}
 p - 5 scrolls of remove curse
 q - a scroll of teleportation
 r - 2 scrolls of enchant armour {unknown}
 t - a scroll of blinking
 w - a scroll of amnesia {unknown}
 y - a scroll of fog {unknown}
Jewellery
 a - a ring of protection from fire (left hand) {unknown}
 h - an uncursed amulet of faith {unknown}
 n - an amulet of conservation (around neck) {unknown}
Potions
 b - a potion of restore abilities {unknown}
 j - a potion of magic {unknown}
 A - a potion of degeneration {unknown}
 B - a potion of berserk rage {unknown}
 C - a potion of agility {unknown}
 D - a potion of heal wounds {unknown}


   Skills:
 + Level 5.0 Fighting
 * Level 5.6 Maces & Flails
   Level 2.0 Polearms
 + Level 5.6 Armour
 + Level 5.4 Dodging
 + Level 1.6 Stealth
 + Level 6.4 Shields
 + Level 2.4 Traps


You had 7 spell levels left.
You didn't know any spells.

Dungeon Overview and Level Annotations

Branches:
Dungeon (6/27)
 Temple: D:4-7          Orc: D:6-11

Altars:
Cheibriados
Fedhas
Xom
the Shining One


Innate Abilities, Weirdness & Mutations

You reflexively headbutt those who attack you in melee.
You have a pair of horns on your head.


Message History

You block the orc priest's attack.
The orc priest suddenly grunts.
The orc priest mumbles some strange prayers to Beogh against you.
Something smites you!
* * * LOW HITPOINT WARNING * * *
The orc hits you but does no damage.
Read which item? (? for menu, Esc to quit)
As you read the scroll of teleportation, it crumbles to dust.
You feel strangely unstable.
The orc priest hits you but does no damage.
You block the orc's attack.
Drink which item? (? for menu, Esc to quit)
You feel better.
The orc priest mumbles some strange prayers to Beogh against you.
Something smites you!
* * * LOW HITPOINT WARNING * * *
The orc priest becomes somewhat translucent.
The orc priest mumbles some strange prayers to Beogh against you.
Something smites you!
You die...

#.. ....... #.##.....
...... ## .#....... ......
##. .........# ......
##..# .....#.... .....
#..#.##....#....###...
#....#...........#....
#............#........
##@.........##.....
#.)........#.......
#..oo........#.....
#....##).........#.....
##...#.oPf......#.#...#
####..fff............#
###....#ff_...........#.
#.......fP.ff...........
###
###..##.....ff.........#..


You could see 2 orc priests and an orc.

Vanquished Creatures
  Prince Ribbit (D:6)
  2 orc warriors (D:6)
  Sigmund (D:3)
  A centaur (D:5)
  A giant frog skeleton (D:4)
  Blork the orc (D:5)
  An ogre (D:5)
  2 crimson imps (D:5)
  An ogre skeleton (D:6)
  3 iguanas (D:4)
  A big kobold skeleton (D:5)
  2 orc priests
  8 worker ants
  5 orc wizards
  A gnoll shaman (D:5)
  Ijyb (D:6)
  2 hounds (D:6)
  9 adders
  4 gnolls (D:5)
  3 worms
  A giant eyeball (D:5)
  2 giant geckos
  An ooze (D:1)
  16 orcs
  10 hobgoblins
  4 jackals
  6 quokkas
  2 ball pythons
  6 bats
  4 giant cockroaches
  6 giant newts
  8 goblins
  12 kobolds
  A kobold zombie (D:5)
  13 rats
142 creatures vanquished.

Vanquished Creatures (others)
  An orc (D:6)
  A hobgoblin (D:3)
  A quokka (D:2)
3 creatures vanquished.

Grand Total: 145 creatures vanquished

Notes
Turn   | Place    | Note
--------------------------------------------------------------
     0 | D:1      | Gabry, the Minotaur Fighter, began the quest for the Orb.
     0 | D:1      | Reached XP level 1. HP: 19/19 MP: 0/0
   177 | D:1      | Reached skill level 4 in Fighting
   187 | D:1      | Reached XP level 2. HP: 25/27 MP: 0/0
   679 | D:2      | Reached XP level 3. HP: 33/33 MP: 1/1
   734 | D:2      | Reached skill level 1 in Dodging
  1037 | D:2      | Found a shimmering altar of Xom.
  1690 | D:2      | Reached XP level 4. HP: 40/40 MP: 1/1
  1865 | D:2      | Reached skill level 1 in Traps
  1979 | D:3      | Noticed Sigmund
  2009 | D:3      | Killed Sigmund
  2009 | D:3      | Reached XP level 5. HP: 23/46 MP: 1/1
  2934 | D:4      | Reached skill level 1 in Polearms
  2934 | D:4      | Reached XP level 6. HP: 39/53 MP: 2/2
  3163 | D:4      | Reached skill level 5 in Shields
  3706 | D:4      | Reached skill level 1 in Stealth
  3839 | D:5      | Entered Level 5 of the Dungeon
  3863 | D:5      | Reached XP level 7. HP: 56/60 MP: 2/2
  3866 | D:5      | Noticed Blork the orc
  3882 | D:5      | Killed Blork the orc
  3882 | D:5      | Reached skill level 5 in Armour
  3925 | D:5      | Got a dazzling morningstar
  3931 | D:5      | Identified the +5,+5 morningstar of Cowardice {drain, +Fly SInv} (You found it on level 5 of the Dungeon)
  4004 | D:5      | Paralysed by a giant eyeball for 4 turns
  4532 | D:5      | Found a glowing golden altar of the Shining One.
  4539 | D:5      | Became a worshipper of the Shining One
  4582 | D:5      | Was placed under penance by the Shining One
  4694 | D:6      | Noticed Prince Ribbit
  4702 | D:6      | Killed Prince Ribbit
  4702 | D:6      | Reached skill level 5 in Dodging
  4702 | D:6      | Reached skill level 6 in Shields
  4702 | D:6      | Reached XP level 8. HP: 53/67 MP: 2/2
  4726 | D:6      | Found a blossoming altar of Fedhas.
  4747 | D:6      | Reached skill level 5 in Fighting
  4747 | D:6      | Reached skill level 5 in Maces & Flails
  4829 | D:6      | Fell from the grace of the Shining One
  4982 | D:6      | Found a snail-covered altar of Cheibriados.
  4983 | D:6      | Noticed Ijyb
  4986 | D:6      | Killed Ijyb
  5248 | D:6      | Killed from afar by an orc priest

Action                   |  1- 3 |  4- 6 |  7- 9 || total
-------------------------+-------+-------+-------++-------
Melee: Mace              |   115 |    57 |       ||   172
       Spear             |       |   108 |    11 ||   119
       Morningstar       |       |       |   108 ||   108
  Use: Scroll            |     1 |     5 |     6 ||    12
       Potion            |       |       |     4 ||     4
